 Dungeon Crawl Stone Soup version 0.24-a0-778-g74da537 (webtiles) character file.

Game seed: 11650160717570617940, levelgen mode: deterministic

1065 BoppinsLewinski the Chopper (level 8, 0/67 HPs)
             Began as a Centaur Gladiator on Oct 7, 2019.
             Slain by a centaur skeleton (2 damage)
             ... on level 5 of the Dungeon.
             The game lasted 00:12:51 (5358 turns).

BoppinsLewinski the Chopper (Centaur Gladiator)     Turns: 5358, Time: 00:12:51

Health: 0/67       AC:  8    Str: 20    XL:     8   Next: 6%
Magic:  8/8        EV: 12    Int:  7    God:
Gold:   234        SH:  0    Dex: 10    Spells: 7/7 levels left

rFire    . . .     SeeInvis .   a - +0 war axe
rCold    . . .     Gourm    .   (no shield)
rNeg     . . .     Faith    .   u - +0 ring mail
rPois    .         Spirit   .   b - +0 helmet
rElec    .         Reflect  .   (no cloak)
rCorr    .         Harm     .   (no gloves)
MR       .....                  (no barding)
Stlth    ..........             (no amulet)
HPRegen  0.21/turn              h - +2 ring of evasion
MPRegen  0.11/turn              n - +1 ring of protection

@: very quick
A: large, hooves 3, deformed body, speed 2, tough skin 3
a: no special abilities


You were on level 5 of the Dungeon.
You were very hungry.

You visited 1 branch of the dungeon, and saw 5 of its levels.
You also visited: Sewer.

You collected 234 gold pieces.

Inventory:

Hand Weapons
 a - a +0 war axe (weapon)
Missiles
 d - 2 throwing nets (quivered)
Armour
 b - a +0 helmet (worn)
 c - a +0 helmet
 u - a +0 ring mail (worn)
Jewellery
 h - a +2 ring of evasion (left hand)
 n - a +1 ring of protection (right hand)
 w - an uncursed amulet of the gourmand
Wands
 v - a wand of iceblast (6)
Scrolls
 g - 5 scrolls of fear {unknown}
 i - 2 scrolls of teleportation {unknown}
 j - 4 scrolls of remove curse {unknown}
 l - 2 scrolls of noise {unknown}
 m - a scroll of amnesia {unknown}
 q - 2 scrolls of immolation {unknown}
 t - 2 scrolls of enchant weapon {unknown}
 y - 2 scrolls of fog {unknown}
 A - 2 scrolls of magic mapping {unknown}
Potions
 e - 2 potions of might {unknown}
 k - a potion of resistance
 o - 6 potions of haste
 p - 6 potions of curing
 r - a potion of flight
 s - a potion of lignification
 x - 2 potions of brilliance {unknown}
 z - a potion of heal wounds {unknown}
 B - 2 potions of magic {unknown}
Comestibles
 f - 9 rations


   Skills:
 + Level 4.5 Fighting
 * Level 6.1 Axes
 - Level 2.1 Throwing
 + Level 2.9 Armour
 + Level 3.8 Dodging


You had 7 spell levels left.
You didn't know any spells.
Your spell library was empty.

Dungeon Overview and Level Annotations

Branches:
Dungeon (5/15)              Sewer (visited)
 Temple: D:4-7

Altars:
Gozag
Makhleb
Qazlal
Wu Jian

Shops:
D:5 *


Innate Abilities, Weirdness & Mutations

You have hooves in place of feet.
Armour fits poorly on your strangely shaped body.
You cover ground very quickly.
You have extremely tough skin. (AC +3)


Message History

Tha centaur skeleton hits ye.
* * * LOW HITPOINT WARNIN'
* * * Tha centaur skeleton barely misses ye.
Tha centaur skeleton misses ye.
Tha centaur skeleton hits ye but does nay damage.
Tha centaur skeleton barely misses ye.
Tha centaur skeleton closely misses ye.
Tha centaur skeleton hits ye.
* * * LOW HITPOINT WARNIN'
* * * Tha centaur skeleton hits ye but does nay damage.
Tha centaur skeleton hits ye!
* * * LOW HITPOINT WARNIN'
* * * Tha centaur skeleton hits ye.
* * * LOW HITPOINT WARNIN'
* * * Tha centaur skeleton barely misses ye.
Tha centaur skeleton completely misses ye.
Tha centaur skeleton barely misses ye.
Tha centaur skeleton hits ye.
* * * LOW HITPOINT WARNIN'
* * * Tha centaur skeleton hits ye.
Ye die...

#.# #.# #..###.#### #.# #.# #..#
#.##∩. #.# #.# #..# #.##.# #.#
####.# #..# #.##.#
#########.######....###..###.##.#
.....................##.........#
.############..............######
..### ####.###.##..........
.[..## #@# #.###...#####. .....#
#Z# #.###........ ##÷#.# #.#
#.##..###+###. ≈÷÷#.## #.#
#.....# #. ≈≈≈#..# #.#
#.##..###.###. .≈≈#..# #.#
#.###.###_..+. ≈≈≈#..######## #.#
#.# #.###.###. ####.......... ...
#.# #. .....#.###### #.###+###.


You could see a centaur skeleton.

Vanquished Creatures
  Menkaure (D:5)
  A sky beast (D:5)
  2 bullfrogs (Sewer)
  A scorpion (D:5)
  A howler monkey (D:4)
  2 crimson imps (D:5)
  3 orc priests (D:5)
  A centaur skeleton (D:4)
  3 orc wizards (D:5)
  An iguana (D:3)
  A worker ant (D:3)
  A howler monkey skeleton (D:4)
  12 adders
  4 river rats (Sewer)
  A shadow imp (D:4)
  2 oozes (Sewer)
  An adder skeleton (D:4)
  2 worms
  A dart slug (D:2)
  2 leopard geckos
  13 orcs
  6 giant cockroaches
  6 goblins
  7 hobgoblins
  9 jackals
  11 kobolds
  6 quokkas
  12 ball pythons
  8 bats
  5 frilled lizards
  A giant cockroach zombie (D:3)
  A leopard gecko zombie (D:5)
  2 quokka skeletons
  35 rats
165 creatures vanquished.

Notes
Turn   | Place    | Note
-------+----------+-------------------------------------------
     0 | D:1      | BoppinsLewinski the Centaur Gladiator began the quest for
                  | the Orb.
     0 | D:1      | Reached XP level 1. HP: 17/17 MP: 1/1
   343 | D:1      | Reached XP level 2. HP: 20/24 MP: 2/2
   401 | D:1      | Reached skill level 3 in Axes
   811 | D:2      | Found a stormy altar of Qazlal.
   855 | D:2      | Reached XP level 3. HP: 25/30 MP: 3/3
   857 | D:2      | Found a faded altar of an unknown god.
  1287 | D:2      | Reached skill level 1 in Armour
  1301 | D:2      | Reached XP level 4. HP: 30/37 MP: 4/4
  1369 | D:2      | Found an opulent altar of Gozag.
  2425 | D:3      | Reached XP level 5. HP: 39/44 MP: 5/5
  2890 | D:4      | Found a burning altar of Makhleb.
  3073 | D:4      | Reached skill level 4 in Axes
  3971 | D:5      | Entered Level 5 of the Dungeon
  3989 | D:5      | Found Hixuiv Lajo's Assorted Antiques.
  4011 | D:5      | Found an ornate altar of the Wu Jian Council.
  4061 | D:5      | Noticed Menkaure
  4068 | D:5      | Killed Menkaure
  4068 | D:5      | Reached XP level 6. HP: 39/51 MP: 6/6
  4174 | D:5      | Noticed a sky beast
  4185 | D:5      | Killed a sky beast
  4191 | D:5      | Found a glowing drain.
  4210 | Sewer    | Entered a sewer
  4243 | Sewer    | Reached skill level 5 in Axes
  4275 | Sewer    | Reached XP level 7. HP: 48/58 MP: 7/7
  5028 | D:5      | HP: 3/60 [orc priest/nerve-wracking pain (11)]
  5255 | D:5      | Reached skill level 6 in Axes
  5255 | D:5      | Reached XP level 8. HP: 36/67 MP: 8/8
  5354 | D:5      | HP: 2/67 [centaur skeleton (5)]
  5358 | D:5      | Slain by a centaur skeleton

Levels and vault maps discovered:
D:1:      dpeg_arrival_line_fractal, layout_basic, due_unseen_surprise
D:2:      layout_loops_ring, lemuel_crystal_altar,
          nicolae_overflow_crystal_walls, chequers_ecumenical_altar_island,
          minmay_joined_circles
D:3:      layout_basic
D:4:      layout_gridville, overflow_temple_1_default, first_ration
D:5:      layout_loops_ring, nicolae_ru_the_path_less_chosen,
          lemuel_doored_altar, portal_sewer_entry_c, serial_shops, shop,
          uniq_menkaure

Skill      XL: |  1  2  3  4  5  6  7 |
---------------+----------------------+-----
Axes           | 3 4 5 6 |  6.1
Armour         | 1 2 |  2.9
Fighting       | 3 4 |  4.5
Dodging        | 3 |  3.8
Throwing       | |  2.1

Action                   |  1- 3 |  4- 6 |  7- 9 || total
-------------------------+-------+-------+-------++-------
Melee: War axe           |   106 |   203 |   127 ||   436
       Kick              |    20 |    34 |    20 ||    74
Throw: Throwing net      |       |     2 |       ||     2
  Use: Scroll            |       |     7 |       ||     7
       Potion            |       |     2 |     3 ||     5
  Eat: Chunk             |       |     8 |     3 ||    11
Armor: Leather armour    |    49 |    42 |       ||    91
       Ring mail         |       |    39 |    86 ||   125
Dodge: Dodged            |    91 |   163 |   157 ||   411

Table legend:
 A = Non-vault XP
 B = Vault XP
 C = Vault XP percentage of total XP
 D = Non-vault monster count
 E = Vault monster count
 F = Vault count percentage of total count
                 A         B        C        D         E       F
            +---------+---------+-------+---------+---------+-------
      Total |     936 |     586 |  38.5 |      96 |      69 |  41.8
            +---------+---------+-------+---------+---------+-------
        D:1 |      22 |       0 |   0.0 |      14 |       0 |   0.0
        D:2 |      64 |      24 |  27.3 |      21 |      13 |  38.2
        D:3 |     133 |       0 |   0.0 |      30 |       0 |   0.0
        D:4 |     133 |       0 |   0.0 |       9 |       0 |   0.0
        D:5 |     584 |     184 |  24.0 |      22 |       8 |  26.7
      Sewer |       0 |     378 | 100.0 |       0 |      48 | 100.0
            +---------+---------+-------+---------+---------+-------
